 Dungeon Crawl Stone Soup version 0.30-a0-360-g447f08457e (webtiles) character file.

Game seed: 18263208781060167409

56905 MrRokkomies the Marksant (level 15, -3/108 HPs)
             Began as a Formicid Hunter on Nov 13, 2022.
             Was a High Priest of Hepliaklqana.
             Slain by a death yak (19 damage)
             ... on level 5 of the Lair of Beasts.
             The game lasted 00:55:11 (15479 turns).

MrRokkomies the Marksant (Formicid Hunter)         Turns: 15479, Time: 00:55:11

Health: -3/108     AC: 11    Str: 18    XL:     15   Next: 23%
Magic:  11/11      EV: 18    Int:  8    God:    Hepliaklqana [*****.]
Gold:   871        SH: 23    Dex: 31    Spells: 14/14 levels left

rFire   . . .      SeeInvis +    b - +8 frozen axe "Frostbite" {freezing cloud, *Noise Fly rC+}
rCold   + + +      Faith    .    q - +2 tower shield {rC+}
rNeg    + . .      Spirit   .    k - +1 ring mail of Thoughtfulness {rPois MP-9 Slay+2}
rPois   +          Reflect  .    (helmet unavailable)
rElec   .          Harm     .    J - +0 cloak {rPois}
rCorr   .          Rampage  .    t - +0 pair of gloves {Stlth+}
Will    +....                    Q - +1 pair of boots of Lesser Demons {rC+ rN+ Dex+2}
Stlth   ++++......               s - amulet of magic regeneration
HPRegen 0.38/turn                K - ring of protection from cold
MPRegen 0.52/turn                S - +6 ring of dexterity

@: mighty, flying
A: reduced essence, permanent stasis, dig shafts and tunnels, antennae 3, four
strong arms
a: Dig, Shaft Self, Renounce Religion, Recall Ancestor, Ancestor Identity,
Transference, Idealise


You were on level 5 of the Lair of Beasts.
You worshipped Hepliaklqana.
Hepliaklqana was extremely pleased with you.
You visited 3 branches of the dungeon, and saw 18 of its levels.
You also visited: Bailey and Ice Cave.

You collected 1110 gold pieces.
You spent 239 gold pieces at shops.

Inventory:

Hand Weapons
 a - the +10 longbow "Jugecuz" {speed, rPois}
   (You acquired it on level 3 of the Lair of Beasts)

   Attacks with this weapon are significantly faster.
   rPois:     It protects you from poison.
 b - the +8 frozen axe "Frostbite" (weapon) {freezing cloud, *Noise Fly rC+}
   (You found it on level 7 of the Dungeon)

   It freezes those it strikes, dealing additional cold damage.
   It can also slow down cold-blooded creatures.
   It occasionally leaves clouds of freezing vapour upon striking a foe.
   It grants immunity to clouds of freezing vapour.
   rC:        It protects you from cold.
   Fly:       It grants you flight.
   *Noise:    It may make noises in combat.
 G - a +1 vorpal shortbow
 P - the +9 hand crossbow of Unreason {vorpal, rC+ Str-2 Int+3 Dex+3}
   (You acquired it on level 7 of the Dungeon)

   Any ammunition fired from it inflicts extra damage upon your enemies.
   Str:       It affects your strength (-2).
   Int:       It affects your intelligence (+3).
   Dex:       It affects your dexterity (+3).
   rC:        It protects you from cold.
Missiles
 r - 2 throwing nets
Armour
 k - the +1 ring mail of Thoughtfulness (worn) {rPois MP-9 Slay+2}
   (You found it in an ice cave)

   Slay:      It affects your accuracy & damage with ranged weapons and melee
   (+2).
   rPois:     It protects you from poison.
   MP:        It affects your magic capacity (-9).
 o - a +0 buckler
 q - a +2 tower shield of cold resistance (worn)
 t - a +0 pair of gloves of stealth (worn)
 D - a +0 troll leather armour
 J - a +0 cloak of poison resistance (worn)
 Q - the +1 pair of boots of Lesser Demons (worn) {rC+ rN+ Dex+2}
   (You acquired it in an ice cave)

   Dex:       It affects your dexterity (+2).
   rC:        It protects you from cold.
   rN:        It protects you from negative energy.
 R - a +2 leather armour of resistance
Jewellery
 s - an amulet of magic regeneration (around neck)
 H - a +6 ring of dexterity
 K - a ring of protection from cold (left hand)
 N - a ring of resist corrosion
 S - a +6 ring of dexterity (right hand)
Wands
 l - a wand of iceblast (8)
 m - a wand of digging (9)
 x - a wand of mindburst (27)
 E - a wand of flame (74)
 I - a wand of quicksilver (18)
Scrolls
 c - 3 scrolls of brand weapon
 d - 4 scrolls of immolation
 n - 5 scrolls of enchant armour
 y - 2 scrolls of magic mapping
 A - a scroll of poison
 B - 7 scrolls of fog
 C - 2 scrolls of silence
 F - 8 scrolls of identify
 T - a scroll of enchant weapon
Potions
 e - 6 potions of attraction
 f - 7 potions of brilliance
 g - 2 potions of invisibility
 h - 5 potions of mutation
 i - 6 potions of curing
 j - 4 potions of lignification
 p - 2 potions of cancellation
 u - 2 potions of magic
 w - 5 potions of flight
 z - 5 potions of might
 O - a potion of berserk rage {unknown}
Miscellaneous
 v - a phantom mirror
 M - a condenser vane (inert)


   Skills:
 - Level 12.0 Fighting
 + Level 10.9 Axes
 * Level 15.3 Ranged Weapons
 - Level 4.5 Armour
 + Level 9.1 Dodging
 - Level 5.0 Stealth
 * Level 9.5 Shields
 + Level 7.6 Invocations


You had 14 spell levels left.
You didn't know any spells.
Your spell library contained the following spells:

 Spells                   Type           Power      Damage    Failure   Level
 Freeze                   Ice            0%         1d3       97%         1
 Sting                    Tmut/Pois      0%         1d3       97%         1
 Poisonous Vapours        Pois/Air       0%         N/A       99%         2
 Frozen Ramparts          Ice            0%         1d1       100%        3
 Hailstorm                Conj/Ice       0%         3d3       100%        3
 Ignite Poison            Fire/Tmut/Pois 0%         N/A       100%        3
 Kindle Blastsparks       Fire/Tloc/Air  0%         2d10      100%        3
 Ice Form                 Ice/Tmut       0%         N/A       100%        4
 Olgreb's Toxic Radiance  Pois           0%         N/A       100%        4
 Summon Lightning Spire   Summ/Air       0%         N/A       100%        4
 Freezing Cloud           Conj/Ice/Air   0%         6-21      100%        5
 Simulacrum               Ice/Necr       0%         N/A       100%        6
 Dragon's Call            Summ           0%         N/A       100%        9


Dungeon Overview and Level Annotations

Branches:
Dungeon (12/15)            Temple (1/1) D:7            Lair (5/5) D:10
 Shoals (0/4) Lair:3        Snake (0/4) Lair:3        Slime (0/5) Lair:4
    Orc (0/2) D:12         Bailey (visited)           IceCv (visited)

Altars:
Ashenzari
Cheibriados
Elyvilon
Fedhas
Gozag
Hepliaklqana
Makhleb
Okawaru
Qazlal
Sif Muna
Trog
Uskayaw
Vehumet
Wu Jian
Xom
Yredelemnul
Zin
The Shining One
Jiyva

Shops:
D:3 [   D:4 *   D:6 **   D:12 *

Annotations:
Lair:2 2 transporters


Innate Abilities, Weirdness & Mutations

Your life essence is reduced to manifest your ancestor. (-10% HP)
You cannot be hasted, slowed, berserked, paralysed or teleported.
You can dig through walls and to a lower floor.
You have a pair of large antennae on your head. (SInv)
Your four strong arms can wield two-handed weapons with a shield.


Message History

You block the death yak's attack. x2; The wolf spider hits you!
The wolf spider bites you.
You slash the wolf spider! You freeze the wolf spider.
The wolf spider is lightly wounded.
You slice the death yak!! You freeze the death yak. You slash the death yak!
You freeze the death yak.
The wolf spider is engulfed in freezing vapours.
You block the wolf spider's attack. x2; You block the death yak's attack.
The death yak gores you!!
The wolf spider is engulfed in freezing vapours.
You block the wolf spider's attack.
The wolf spider bites you but does no damage.
The death yak gores you!
* * * LOW HITPOINT WARNING * * *
You block the death yak's attack.
The wolf spider is engulfed in freezing vapours.
The wolf spider hits you!
* * * LOW HITPOINT WARNING * * *
The wolf spider misses you.
Unknown command.
You slice the death yak like a ripe choko!!!
You freeze the death yak!
You kill the death yak!
You barely miss the wolf spider. You slash the death yak!
You freeze the death yak!
The wolf spider is engulfed in freezing vapours.
The wolf spider hits you!
* * * LOW HITPOINT WARNING * * *
The wolf spider closely misses you. You block the death yak's attack.
The wolf spider is engulfed in freezing vapours.
You kill the wolf spider!
You feel better. You block the death yak's attack.
The death yak gores you but does no damage.
You feel better. The death yak barely misses you. The death yak gores you!
* * * LOW HITPOINT WARNING * * *
You feel better. You block the death yak's attack. x2
You feel better. You block the death yak's attack. The death yak gores you!!
* * * LOW HITPOINT WARNING * * *
You feel better. The death yak gores you!!
You die...

##........
...........#......
..........##...... ##
...........# ..... ###
##... P..........###...#
##.###.....
#.†.........##...###.#.P..#
..#.........#....#.....P.##
P#.P........##.Y°##...P###
##..........#..Y@##..P.#
.###...†....##...#R....##
.# #.......###..........##
.# ##....................#
.# #.....##............##
## #.....#.............# #
##.....#.........}...# #
#.....#.............## #
##......#............#


You could see 2 death yaks.

Vanquished Creatures
  2 ironbound frosthearts (IceCv)
  2 vault guards (Bailey)
  A catoblepas (Lair:5)
  A hydra (Lair:5)
  3 two-headed ogres
  3 boulder beetles
  A deep troll shaman (Lair:5)
  8 death yaks
  Amaemon (D:11)
  Nergalle (Lair:3)
  A lindwurm (Lair:3)
  2 deep elf pyromancers (D:12)
  2 wolf spiders (Lair:5)
  An oklob plant (Lair:1)
  2 cyclopes
  12 elephants
  Maurice (D:8)
  Joseph (D:7)
  An ice statue (IceCv)
  An orange demon (D:11)
  2 black mambas
  A torpor snail (Lair:3)
  7 cane toads
  A rime drake (Lair:4)
  A freezing wraith (D:7)
  4 komodo dragons
  An ice devil (D:7)
  2 trolls
  A hornet (D:8)
  9 polar bears
  Prince Ribbit (Bailey)
  6 blink frogs
  2 slime creatures (D:12)
  6 dream sheep
  3 wyverns
  29 yaks
  2 basilisks
  5 humans (Bailey)
  A steam dragon (D:9)
  3 vampire mosquitoes (D:12)
  Grum (D:8)
  Menkaure (D:7)
  3 nagas (Lair:3)
  11 water moccasins
  A swamp drake (D:12)
  6 orc warriors
  A sky beast (D:7)
  2 ogres
  44 wolves
  2 centaurs
  3 kobold brigands
  2 necrophages
  17 bullfrogs
  2 gnoll sergeants (D:9)
  3 scorpions
  12 wights
  A killer bee (D:11)
  2 electric eels (Lair:3)
  3 howler monkeys
  3 jellies
  2 hounds
  5 gnoll boudas
  7 orc priests
  6 iguanas
  9 orc wizards
  28 gnolls
  23 adders
  A shadow imp (D:7)
  4 white imps
  An ufetubus (D:5)
  4 worms
  3 dart slugs
  33 orcs
  14 ball pythons
  5 bats
  8 endoplasms
  3 giant cockroaches
  12 goblins
  7 hobgoblins
  3 jackals (D:3)
  A quokka (D:1)
  2 frilled lizards (D:2)
  17 kobolds
  6 rats
458 creatures vanquished.

Vanquished Creatures (collateral kills)
  A boulder beetle (Lair:4)
  5 death yaks
  A two-headed ogre (D:11)
  2 ugly things
  A cyclops (D:12)
  An elephant (Lair:4)
  3 polar bears
  A blink frog (Lair:4)
  A dream sheep (Lair:5)
  8 yaks
  A vampire mosquito (D:12)
  An orc warrior (D:12)
  5 wolves
  2 killer bees (D:11)
  2 orc priests (D:12)
  An orc wizard (D:10)
  6 orcs
  2 kobolds (D:9)
  A bush (Lair:5)
45 creatures vanquished.

Vanquished Creatures (others)
  3 knights
  3 ancestors
  7 fungi
  26 plants
39 creatures vanquished.

Grand Total: 542 creatures vanquished

Notes
Turn   | Place    | Note
-------+----------+-------------------------------------------
     0 | D:1      | MrRokkomies the Formicid Hunter began the quest for the
                  | Orb.
     0 | D:1      | Reached XP level 1. HP: 16/16 MP: 1/1
    20 | D:1      | Reached XP level 2. HP: 23/23 MP: 2/2
    89 | D:1      | You fall into a shaft and drop 1 floor!
   216 | D:1      | Reached skill level 1 in Armour
   216 | D:1      | Reached XP level 3. HP: 25/28 MP: 3/3
   305 | D:1      | Found a faded altar of an unknown god.
   651 | D:2      | Reached XP level 4. HP: 33/35 MP: 4/4
   756 | D:2      | You fall into a shaft and drop 1 floor!
  1073 | D:2      | Reached XP level 5. HP: 42/42 MP: 5/5
  1188 | D:3      | Reached skill level 5 in Ranged Weapons
  1190 | D:3      | Found Patutehyst's Armour Boutique.
  1199 | D:3      | Bought a +0 buckler for 54 gold pieces
  1243 | D:3      | Reached XP level 6. HP: 44/49 MP: 6/6
  1597 | D:4      | Reached skill level 1 in Shields
  1931 | D:4      | Reached XP level 7. HP: 24/55 MP: 7/7
  2077 | D:4      | Found Tocol's Assorted Antiques.
  2092 | D:4      | Bought a scroll labelled NIYNNE YCANEOMIO for 25 gold
                  | pieces
  2092 | D:4      | Bought a silvery potion for 22 gold pieces
  2231 | D:4      | Reached skill level 5 in Fighting
  2875 | D:5      | Entered Level 5 of the Dungeon
  2887 | D:5      | Reached skill level 6 in Ranged Weapons
  3062 | D:5      | Reached XP level 8. HP: 59/64 MP: 8/8
  3107 | D:5      | Found a white marble altar of Elyvilon.
  3846 | D:3      | Bought a +0 pair of gloves of stealth for 138 gold pieces
  3955 | D:6      | Found a stormy altar of Qazlal.
  4121 | D:6      | Found Xoaxt's Specific Store.
  4122 | D:6      | Found Gothyjok's General Store.
  5101 | D:7      | Noticed a troll
  5106 | D:6      | Reached skill level 7 in Ranged Weapons
  5291 | D:7      | Killed a troll
  5292 | D:7      | Reached XP level 9. HP: 15/72 MP: 9/9
  5543 | D:7      | Found a flagged portal.
  5588 | Bailey   | Entered a bailey
  5624 | Bailey   | Reached skill level 5 in Stealth
  5625 | Bailey   | Reached skill level 5 in Shields
  5692 | Bailey   | Reached skill level 8 in Ranged Weapons
  5743 | Bailey   | Reached XP level 10. HP: 82/82 MP: 10/10
  5821 | Bailey   | Noticed a vault guard
  5853 | Bailey   | Killed a vault guard
  5854 | Bailey   | Reached skill level 9 in Ranged Weapons
  5957 | Bailey   | Noticed Prince Ribbit
  5957 | Bailey   | Noticed a vault guard
  5972 | Bailey   | Killed a vault guard
  5972 | Bailey   | Killed Prince Ribbit
  5973 | Bailey   | Reached skill level 10 in Fighting
  6244 | D:7      | Noticed Joseph
  6253 | D:7      | Killed Joseph
  6328 | D:7      | Identified a scroll of acquirement
  6328 | D:7      | Acquired the +9 hand crossbow of Unreason {vorpal, rC+
                  | Str-2 Int+3 Dex+3}
  6372 | D:7      | Found a staircase to the Ecumenical Temple.
  6381 | Temple   | Entered the Ecumenical Temple
  6426 | Temple   | Became a worshipper of Hepliaklqana the Forgotten
  6868 | D:7      | Reached skill level 10 in Ranged Weapons
  6870 | D:7      | Found a bloodstained altar of Trog.
  6873 | D:7      | Found a radiant altar of Vehumet.
  6875 | D:7      | Found an opulent altar of Gozag.
  6921 | D:7      | Noticed Menkaure
  6922 | D:7      | Killed Menkaure
  6937 | D:7      | Noticed a freezing wraith
  6942 | D:7      | Killed a freezing wraith
  6943 | D:7      | Reached XP level 11. HP: 92/92 MP: 11/11
  6960 | D:7      | Found the +8 frozen axe "Frostbite" {freezing cloud, *Noise
                  | Fly rC+}
  7183 | D:8      | Found a broken altar of Ashenzari.
  7193 | D:8      | Reached * piety under Hepliaklqana
  7201 | D:8      | Reached skill level 1 in Axes
  7265 | D:8      | Reached skill level 5 in Dodging
  7278 | D:8      | Found an iron altar of Okawaru.
  7282 | D:8      | Noticed Maurice
  7286 | D:8      | Killed Maurice
  7351 | D:8      | Noticed Grum
  7359 | D:8      | Killed Grum
  8073 | D:9      | Noticed a two-headed ogre
  8078 | D:9      | Killed a two-headed ogre
  8091 | D:9      | Reached skill level 11 in Ranged Weapons
  8254 | D:9      | Noticed a two-headed ogre
  8258 | D:9      | Killed a two-headed ogre
  8383 | D:9      | Found a glowing golden altar of the Shining One.
  8489 | D:9      | Reached ** piety under Hepliaklqana
  8490 | D:9      | Remembered your ancestor Belshunu as a knight
  8653 | D:10     | Entered Level 10 of the Dungeon
  8680 | D:10     | Reached skill level 5 in Axes
  8682 | D:10     | Reached XP level 12. HP: 84/90 MP: 12/12
  8705 | D:10     | Found a staircase to the Lair.
  8777 | D:10     | Got the Almanac of Accompaniment
  8788 | D:10     | Noticed a two-headed ogre
  8791 | D:10     | Killed a two-headed ogre
  9291 | D:11     | Noticed a boulder beetle
  9298 | D:11     | Killed a boulder beetle
  9318 | D:11     | Reached skill level 12 in Ranged Weapons
  9352 | D:11     | Noticed a two-headed ogre
  9360 | D:11     | Killed a two-headed ogre
  9473 | D:11     | Noticed Amaemon
  9478 | D:11     | Killed Amaemon
  9528 | D:11     | Noticed a boulder beetle
  9538 | D:11     | Killed a boulder beetle
  9801 | D:12     | Reached *** piety under Hepliaklqana
  9851 | D:12     | Identified the +6 quarterstaff "Moduid" {elec, rF+}
  9923 | D:12     | Reached skill level 1 in Invocations
 10040 | D:12     | Reached XP level 13. HP: 97/97 MP: 14/14
 10069 | D:12     | Found a staircase to the Orcish Mines.
 10248 | D:12     | Found Gehys's Serpentskin Sales.
 10475 | Lair:1   | Entered Level 1 of the Lair of Beasts
 10572 | Lair:1   | Reached skill level 13 in Ranged Weapons
 10645 | Lair:1   | You fall into a shaft and drop 1 floor!
 10717 | Lair:2   | Found a transporter.
 10901 | Lair:2   | Reached **** piety under Hepliaklqana
 11096 | Lair:2   | Found a transporter.
 11962 | Lair:3   | Acquired the +10 longbow "Jugecuz" {speed, rPois}
 11977 | Lair:3   | Found a frozen archway.
 11986 | IceCv    | Entered an ice cave
 12142 | IceCv    | Acquired the +1 pair of boots of Lesser Demons {rC+ rN+
                  | Dex+2}
 12155 | IceCv    | Identified the +1 pair of boots "Dorig" {+Blink}
 12231 | IceCv    | Reached ***** piety under Hepliaklqana
 12268 | IceCv    | Identified the +1 ring mail of Thoughtfulness {rPois MP-9
                  | Slay+2}
 12520 | IceCv    | Noticed an ironbound frostheart
 12520 | IceCv    | Noticed an ironbound frostheart
 12527 | IceCv    | Reached skill level 5 in Invocations
 12546 | IceCv    | Killed an ironbound frostheart
 12547 | IceCv    | Reached skill level 14 in Ranged Weapons
 12547 | IceCv    | Reached XP level 14. HP: 79/103 MP: 8/17
 12563 | IceCv    | Reached skill level 10 in Axes
 12566 | IceCv    | HP: 5/103 [ironbound frostheart/creeping frost (6)]
 12916 | Lair:3   | Found a staircase to the Shoals.
 13125 | Lair:3   | Found a staircase to the Snake Pit.
 13229 | Lair:3   | Noticed Nergalle
 13241 | Lair:3   | Killed Nergalle
 13788 | Lair:4   | Found a hide-covered altar of Uskayaw.
 13788 | Lair:4   | Found an ornate altar of the Wu Jian Council.
 13928 | Lair:4   | Found a viscous altar of Jiyva.
 14098 | Lair:4   | Found a staircase to the Slime Pits.
 14471 | Lair:5   | Entered Level 5 of the Lair of Beasts
 15121 | Lair:5   | Reached skill level 15 in Ranged Weapons
 15241 | Lair:5   | Reached XP level 15. HP: 108/108 MP: 11/20
 15474 | Lair:5   | HP: 4/108 [wolf spider (13)]
 15479 | Lair:5   | Slain by a death yak

Illustrated notes

Levels and vault maps discovered:
D:1:      wander_arrival_desolate, layout_rooms, basic_ecumenical_altar,
          minmay_misc_feat_five
D:2:      layout_rooms
D:3:      layout_rooms, serial_shops, shop
D:4:      layout_loops_ring, serial_shops,
          nicolae_shop_temple_entry_statues_fountains, minmay_crystal_room,
          dk_vineyard_1, minmay_snake_closets
D:5:      layout_loops_ring, lemuel_crystal_altar, serial_glass,
          glass_columns_a, glass_columns_c, glass_columns_a, glass_columns_b,
          glass_columns_c, glass_columns_a, kennysheep_generic_room_2
D:6:      layout_layer_cave, mainiacjoe_overflow_catwalk, minmay_door_square,
          nicolae_specific_store
D:7:      layout_rooms, grunt_temple_overflow_diamond, minmay_temple_entry_hall,
          enter_bailey_5, serial_co_window_serial, co_window_cross_1,
          co_window_cross_1, co_window_of_opportunity_a, co_window_corner_a,
          co_window_of_opportunity_a, co_window_of_opportunity_b,
          co_window_broadway_b, co_window_paths_c, co_window_sun,
          co_window_4corner_a, glass_columns_b,
          hellmonk_guarded_unrand_frostbite, uniq_joseph, uniq_menkaure
D:8:      layout_loops_corners, ashenzari_conservatory_becter,
          mainiacjoe_overflow_24_doors, moated_statue, uniq_grum, uniq_maurice
D:9:      layout_rooms, nicolae_tso_carved_into_rock,
          chequers_serial_rivers_large_a
D:10:     layout_irregular_city, david_lair_shrubbed
D:11:     layout_cave_pools, serial_column_ruins, column_ruins_corridor_corner,
          column_ruins_open_tiny, column_ruins_grid_4, column_ruins_grid_1,
          column_ruins_open_large, hex_medium, uniq_amaemon
D:12:     layout_roguey, erik_orc_1, guppyfry_shop_venom
Temple:   nicolae_temple_superstar
Lair:1:   layout_cave_pods
Lair:2:   gammafunk_boulding_lane, layout_gridlike, infiniplex_staircase_pool
Lair:3:   layout_hall_layers, elwin_shoals_entry_rocks,
          minmay_snake_entry_guardpost_small, portal_ice_cave_entry_pillars_2,
          columned_hall_lemuel, serial_bayou_shore_b, uniq_nergalle
Lair:4:   layout_regular_city, dpeg_slime_entry_corner,
          chequers_serial_rivers_small_b, nzn_masters_of_martial_movement,
          lemuel_fruit_fields, grunt_megastairs_5
Lair:5:   grunt_lair_end_beastmaster, layout_cave_pods,
          nicolae_lair_run_with_the_wolves

Skill      XL: |  1  2  3  4  5  6  7  8  9 10 11 12 13 14 15 |
---------------+----------------------------------------------+-----
Armour         | 1 2 3 4 |  4.5
Fighting       | 3 4 5 7 8 10 11 12 | 12.0
Ranged Weapons | 5 6 7 8 10 11 12 14 15 | 15.3
Shields        | 1 2 4 5 8 9 |  9.5
Stealth        | 2 3 4 5 |  5.0
Dodging        | 3 4 6 7 8 9 |  9.1
Axes           | 5 7 9 10 | 10.9
Invocations    | 1 5 7 |  7.6

Action                   |  1- 3 |  4- 6 |  7- 9 | 10-12 | 13-15 || total
-------------------------+-------+-------+-------+-------+-------++-------
Melee: Dagger            |       |       |    64 |    47 |       ||   111
       Executioner's axe |       |       |       |       |    21 ||    21
 Fire: Shortbow          |    90 |   184 |   279 |    50 |       ||   603
       Hand crossbow     |       |       |       |   275 |    83 ||   358
       Longbow           |       |       |       |       |   477 ||   477
Invok: Ancestor Life: Kn |       |       |       |     1 |       ||     1
       Recall Ancestor   |       |       |       |       |     2 ||     2
       Transference      |       |       |       |       |     2 ||     2
 Abil: Dig               |     4 |       |       |       |     3 ||     7
       Shaft Self        |       |     1 |       |       |       ||     1
Evoke: Wand              |       |       |       |     4 |       ||     4
       Condenser vane    |       |       |       |       |     2 ||     2
  Use: Scroll            |     1 |     7 |    10 |     6 |    10 ||    34
       Potion            |       |       |     4 |    10 |     9 ||    23
Armor: Leather armour    |     8 |       |       |       |       ||     8
       Scale mail        |     3 |    59 |    55 |       |       ||   117
       Skin              |       |       |    50 |    21 |       ||    71
       Troll leather arm |       |       |    12 |    16 |    11 ||    39
       Ring mail         |       |       |       |       |    28 ||    28
Dodge: Dodged            |    20 |    61 |   126 |    52 |   115 ||   374
Block: Buckler           |       |    25 |    99 |    37 |    19 ||   180
       Tower shield      |       |       |       |       |   141 ||   141

Table legend: (Time is in decaauts)
 A = Elapsed time spent in this place.
 B = Non-inter-level travel time spent in this place.
 C = Inter-level travel time spent in this place.
 D = Time resting spent in this place.
 E = Time spent auto-exploring this place.
 F = Levels seen in this place.
 G = Mean time per level.
                   A        B        C        D        E       F      G
               +--------+--------+--------+--------+--------+-----+--------+
         Total |  15811 |  15109 |    702 |   1446 |  10478 |  20 |  790.5 |
       Dungeon |  10312 |   9770 |    542 |    688 |   7087 |  12 |  859.3 |
        Temple |     58 |     45 |     13 |      0 |     32 |   1 |   58.0 |
          Lair |   4154 |   4008 |    146 |    341 |   3014 |   5 |  830.8 |
        Bailey |    464 |    464 |      0 |    173 |     18 |   1 |  464.0 |
      Ice Cave |    822 |    822 |      0 |    243 |    327 |   1 |  822.0 |
               +--------+--------+--------+--------+--------+-----+--------+

Top non-repeatable levels by time:
     D:6: 1600 daAuts
     D:4: 1370 daAuts
     D:7: 1361 daAuts
  Lair:5: 1006 daAuts
     D:8: 990 daAuts
  Lair:3: 891 daAuts
  Lair:4: 829 daAuts
   IceCv: 822 daAuts
     D:5: 799 daAuts
  Lair:1: 786 daAuts
    D:12: 710 daAuts
    D:10: 671 daAuts
     D:3: 650 daAuts
  Lair:2: 640 daAuts
     D:9: 614 daAuts
